[Event "Titled Tuesday Blitz July 11 Early 2023"]
[White "Matute Escobar, Roxanny"]
[Black "Lohani, Sujana"]
[WhiteFideId "3926028"]
[BlackFideId "12311987"]
[WhiteElo "2196"]
[BlackElo "1921"]
[Result "1-0"]
[Round "6"]
[TimeControl "180+2"]
[Date "2023.07.11"]
[WhiteClock "0:00:18"]
[BlackClock "0:00:00"]
[Board "187"]

1. e4 c5 2. Nf3 Nc6 3. d4 cxd4 4. Nxd4 g6 5. Nc3 Bg7 6. Be3 Nf6 7. Bc4 O-O 8. Bb3 e6 9. f3 d5 10. exd5 exd5 11. Qd2 Re8 12. O-O-O a5 13. a3 Nxd4 14. Bxd4 Bd7 15. h4 b5 16. h5 b4 17. axb4 axb4 18. Nb1 Ba4 19. Bxa4 Rxa4 20. hxg6 hxg6 21. g4 b3 22. c3 Ra1 23. g5 Qa5 24. Qd3 Nh5 25. Bxg7 Kxg7 26. Rde1 Rxe1+ 27. Rxe1 Kg8 28. Re8+ Kh7 29. Qd4 Ng7 30. Qh4+ Nh5 31. Qd4 Ng7 32. Qd3 Qc5 33. Re1 Nh5 34. f4 Qf2 35. Rf1 Qg2 36. Re1 Ra2 37. Qd2 1-0


[Site "https://www.chess.com"]

[Event "Titled Tuesday Blitz July 11 Early 2023"]
[White "MateoReyes"]
[Black "Skiadopoulos, Nikolaos"]
[BlackFideId "4200772"]
[WhiteElo "2461"]
[BlackElo "1926"]
[Result "1-0"]
[Round "6"]
[TimeControl "180+2"]
[Date "2023.07.11"]
[WhiteClock "0:02:14"]
[BlackClock "0:01:34"]
[Board "188"]

1. Nf3 c5 2. e3 g6 3. d4 Bg7 4. c4 cxd4 5. exd4 d5 6. cxd5 Nf6 7. Bb5+ Bd7 8. Bc4 O-O 9. h3 b5 10. Bb3 a5 11. a3 a4 12. Ba2 Na6 13. Nc3 b4 14. axb4 Nxb4 15. O-O Nxa2 16. Rxa2 Qa5 17. Ne5 Be8 18. Nc6 Qc7 19. Rxa4 Rxa4 20. Qxa4 Nxd5 21. Nxd5 Qxc6 22. Qxc6 Bxc6 23. Nxe7+ 1-0


[Site "https://www.chess.com"]

[Event "Titled Tuesday Blitz July 11 Early 2023"]
[White "Palacio,Igor Da Paz"]
[Black "Hartikainen, Jarmo"]
[WhiteFideId "2121140"]
[BlackFideId "503134"]
[WhiteElo "2208"]
[BlackElo "2151"]
[Result "1-0"]
[Round "6"]
[TimeControl "180+2"]
[Date "2023.07.11"]
[WhiteClock "0:00:03"]
[BlackClock "0:00:00"]
[Board "189"]

1. e4 c5 2. Nc3 Nc6 3. g3 g6 4. Bg2 Bg7 5. d3 d6 6. f4 e6 7. Nf3 Nge7 8. O-O O-O 9. Be3 b6 10. Rb1 Bd7 11. d4 cxd4 12. Nxd4 a6 13. Nxc6 Bxc6 14. Qd2 Qc7 15. Rbd1 Rfd8 16. Qf2 Rab8 17. Bd4 f6 18. h4 e5 19. Be3 b5 20. h5 b4 21. Nd5 Bxd5 22. exd5 f5 23. fxe5 Bxe5 24. Bg5 Re8 25. g4 Rbc8 26. Bxe7 Rxe7 27. gxf5 Qxc2 28. Rd2 Qxf5 29. Qxf5 gxf5 30. Bh3 Rf8 31. Bxf5 Kh8 32. Be6 Rxf1+ 33. Kxf1 Rg7 34. b3 h6 35. Rf2 Rg5 36. Rf8+ 1-0


[Site "https://www.chess.com"]

[Event "Titled Tuesday Blitz July 11 Early 2023"]
[White "Kuchava, Ana"]
[Black "Adla, Diego"]
[WhiteFideId "13605348"]
[BlackFideId "100072"]
[WhiteElo "2232"]
[BlackElo "2492"]
[Result "0-1"]
[Round "6"]
[TimeControl "180+2"]
[Date "2023.07.11"]
[WhiteClock "0:00:00"]
[BlackClock "0:00:12"]
[Board "191"]

1. d4 Nf6 2. Nf3 e6 3. c4 c5 4. d5 d6 5. Nc3 exd5 6. cxd5 g6 7. e4 Bg7 8. Bd3 O-O 9. O-O Bg4 10. h3 Bxf3 11. Qxf3 Nbd7 12. Bf4 Qe7 13. Rfe1 Ne5 14. Qd1 Nxd3 15. Qxd3 Nd7 16. Re2 a6 17. a4 Rac8 18. Rae1 c4 19. Qc2 Nc5 20. e5 Nd3 21. exd6 Qd8 22. Bg3 Nxe1 23. Rxe1 Re8 24. Qd1 Qd7 25. a5 Rxe1+ 26. Qxe1 Re8 27. Qf1 Be5 28. Bxe5 Rxe5 29. Qxc4 Qxd6 30. g3 Kg7 31. Qd4 f6 32. Qc4 Re7 33. Kg2 f5 34. h4 Rc7 35. Qd4+ Qf6 36. Qb4 Rd7 37. Qc4 h6 38. Kg1 g5 39. hxg5 hxg5 40. Kg2 g4 41. Qf4 Kg6 42. Kf1 Qh8 43. Ke2 Re7+ 44. Kd3 Qe5 45. Qxe5 Rxe5 46. Kd4 Kf6 47. d6 Rxa5 0-1


[Site "https://www.chess.com"]

[Event "Titled Tuesday Blitz July 11 Early 2023"]
[White "Kopacz, Grzegorz"]
[Black "Blokhin, Sofia"]
[WhiteFideId "1109880"]
[BlackFideId "4508190"]
[WhiteElo "2213"]
[BlackElo "2286"]
[Result "0-1"]
[Round "6"]
[TimeControl "180+2"]
[Date "2023.07.11"]
[WhiteClock "0:00:15"]
[BlackClock "0:00:08"]
[Board "192"]

1. d4 f5 2. Bg5 g6 3. c4 Bg7 4. Nc3 Nf6 5. Bxf6 Bxf6 6. e4 fxe4 7. Nxe4 O-O 8. Nxf6+ exf6 9. Qd2 b6 10. O-O-O Bb7 11. Nf3 d5 12. h4 Kg7 13. h5 g5 14. h6+ Kg8 15. Bd3 Rf7 16. Rde1 Nc6 17. Rh5 Na5 18. cxd5 Bxd5 19. Nxg5 fxg5 20. Rxg5+ Kh8 21. Qe3 Bxa2 22. Qe5+ Qf6 23. Qxf6+ Rxf6 24. Re7 Rf7 25. Rg7 Rxg7 26. hxg7+ Kg8 27. Rxc7 Nb3+ 28. Kd1 Nxd4 29. g4 Ne6 30. Re7 Nxg7 31. f4 Rd8 32. Ke2 Re8 33. Rxe8+ Nxe8 34. Ke3 Bb3 35. Kd4 Nd6 36. Ke5 Nc4+ 37. Kd4 Nxb2 38. Ba6 Be6 39. f5 Bf7 40. Ke5 Nc4+ 41. Kf6 Ne3 42. g5 Nd5+ 43. Ke5 Ne7 44. Kf6 Nc6 45. g6 hxg6 46. fxg6 Bb3 47. g7 Nd8 48. Bd3 Ne6 49. Bg6 Nxg7 50. Bd3 a5 51. Ke5 a4 52. Bb1 a3 53. Kd4 a2 54. Bxa2 Bxa2 55. Kc3 b5 56. Kb4 Bc4 57. Kc3 Ne6 58. Kb4 Kf7 59. Kc3 Ke7 60. Kb4 Kd6 61. Kc3 Kc5 62. Kb2 Kb4 63. Kc2 Ka3 64. Kb1 Kb3 65. Ka1 Nd4 66. Kb1 Nc2 67. Kc1 Kc3 68. Kb1 b4 69. Kc1 b3 70. Kb1 Na3+ 71. Kc1 b2+ 72. Kd1 b1=Q# 0-1


[Site "https://www.chess.com"]

[Event "Titled Tuesday Blitz July 11 Early 2023"]
[White "Nugumanov, Bakhtiyar"]
[Black "Cardenas Carbajal, Nilson"]
[WhiteFideId "13701797"]
[BlackFideId "8401128"]
[WhiteElo "2260"]
[BlackElo "2125"]
[Result "1-0"]
[Round "6"]
[TimeControl "180+2"]
[Date "2023.07.11"]
[WhiteClock "0:01:48"]
[BlackClock "0:00:58"]
[Board "193"]

1. e4 c5 2. Nf3 d6 3. d4 cxd4 4. Nxd4 Nf6 5. Nc3 a6 6. g3 e5 7. Nb3 Be7 8. Bg2 Be6 9. O-O O-O 10. a4 Nc6 11. Nd5 Rc8 12. Be3 h6 13. a5 Bxd5 14. exd5 Nb8 15. Bh3 Nbd7 16. Rc1 Rc7 17. c4 Qc8 18. Nd2 Qb8 19. b4 Rfc8 20. Bb6 Nxb6 21. axb6 Rd7 22. Bxd7 Nxd7 23. Ne4 Nxb6 24. c5 dxc5 25. bxc5 Nd7 26. c6 bxc6 27. dxc6 Nf6 28. Nxf6+ Bxf6 29. Qa4 Qa8 30. c7 h5 31. h4 e4 32. Rfd1 e3 33. fxe3 Qf3 34. Qf4 Qe2 35. Qf2 Qg4 36. Kg2 Kh7 37. Qf3 Qa4 38. Qf5+ Kg8 39. Qxc8+ 1-0


[Site "https://www.chess.com"]

[Event "Titled Tuesday Blitz July 11 Early 2023"]
[White "Kowalysko, Roman"]
[Black "UgarteCesar"]
[WhiteFideId "30918510"]
[WhiteElo "2049"]
[BlackElo "2238"]
[Result "1/2-1/2"]
[Round "6"]
[TimeControl "180+2"]
[Date "2023.07.11"]
[WhiteClock "0:00:56"]
[BlackClock "0:00:14"]
[Board "194"]

1. e4 c5 2. Nc3 Nc6 3. a3 g6 4. Bc4 Bg7 5. d3 e6 6. Nge2 Nge7 7. O-O O-O 8. f4 d5 9. Ba2 Rb8 10. Qe1 b5 11. Qh4 f5 12. exd5 exd5 13. Be3 Qd6 14. d4 c4 15. Rae1 a5 16. a4 bxa4 17. Nxa4 Nb4 18. Bb1 Bd7 19. Nec3 Bxa4 20. Nxa4 Nec6 21. Nc5 Nxd4 22. c3 Qxc5 23. Bxd4 Bxd4+ 24. cxd4 Qxd4+ 25. Kh1 Rfe8 26. Qg5 Qxb2 27. Bxf5 Qg7 28. Be6+ Kh8 29. f5 gxf5 30. Qxf5 Rf8 31. Qh5 Rbe8 32. Rxf8+ Rxf8 33. Bf5 d4 34. h3 d3 35. Re8 h6 36. Rxf8+ Qxf8 37. Qg6 Qg7 38. Qe8+ Qg8 39. Qe5+ Qg7 40. Qe8+ Qg8 41. Qe5+ Qg7 42. Qe8+ 1/2-1/2


[Site "https://www.chess.com"]

[Event "Titled Tuesday Blitz July 11 Early 2023"]
[White "Dubov, Daniil"]
[Black "Nakamura, Hikaru"]
[WhiteFideId "24126055"]
[BlackFideId "2016192"]
[WhiteElo "3090"]
[BlackElo "3233"]
[Result "0-1"]
[Round "7"]
[TimeControl "180+2"]
[Date "2023.07.11"]
[WhiteClock "0:00:37"]
[BlackClock "0:01:56"]
[Board "1"]

1. e4 a6 2. Nf3 e6 3. d3 d5 4. Nbd2 g6 5. g3 Bg7 6. Bg2 c5 7. O-O Nc6 8. Re1 Nge7 9. c3 b6 10. e5 a5 11. a4 Qc7 12. Qe2 h6 13. h4 g5 14. hxg5 hxg5 15. Nxg5 Qxe5 16. Nde4 dxe4 17. Bf4 Qf5 18. Bxe4 Qf6 19. d4 cxd4 20. Bxc6+ Nxc6 21. Qb5 Bd7 22. Ne4 Qg6 23. Nd6+ Kf8 24. Kg2 Ne5 0-1


[Site "https://www.chess.com"]

[Event "Titled Tuesday Blitz July 11 Early 2023"]
[White "Firouzja, Alireza"]
[Black "Bok, Benjamin"]
[WhiteFideId "12573981"]
[BlackFideId "1017063"]
[WhiteElo "3100"]
[BlackElo "2976"]
[Result "0-1"]
[Round "7"]
[TimeControl "180+2"]
[Date "2023.07.11"]
[WhiteClock "0:00:27"]
[BlackClock "0:00:35"]
[Board "2"]

1. d4 Nf6 2. Bg5 d5 3. e3 c5 4. Bxf6 gxf6 5. dxc5 Nc6 6. Bb5 e6 7. b4 a5 8. c3 Bd7 9. Qb3 f5 10. Nd2 Qf6 11. Rc1 f4 12. Ngf3 fxe3 13. fxe3 Bh6 14. O-O Bxe3+ 15. Kh1 O-O 16. Bxc6 bxc6 17. Rce1 Qh6 18. Re2 f6 19. Rfe1 Bf4 20. a4 Kh8 21. b5 e5 22. c4 e4 23. cxd5 exf3 24. Nxf3 cxd5 25. c6 Bg4 26. b6 Bxf3 27. gxf3 Rg8 28. c7 Rae8 29. Qxd5 Qxh2+ 0-1


[Site "https://www.chess.com"]

[Event "Titled Tuesday Blitz July 11 Early 2023"]
[White "Aravindh, Chithambaram VR."]
[Black "Zakhartsov, Vladimir"]
[WhiteFideId "5072786"]
[BlackFideId "4145097"]
[WhiteElo "2939"]
[BlackElo "2920"]
[Result "1-0"]
[Round "7"]
[TimeControl "180+2"]
[Date "2023.07.11"]
[WhiteClock "0:00:09"]
[BlackClock "0:00:00"]
[Board "3"]

1. b3 e5 2. Bb2 d6 3. c4 g6 4. d4 Bg7 5. dxe5 Nd7 6. Nc3 dxe5 7. g3 Ne7 8. Bg2 O-O 9. Qc2 Nf5 10. e3 Nc5 11. Rd1 Nd7 12. Nf3 c6 13. O-O Qc7 14. Ne4 Re8 15. c5 Nf8 16. Rd2 b6 17. Rfd1 bxc5 18. Qxc5 Ne6 19. Qc2 h5 20. h4 a5 21. Nfg5 Ra7 22. Nd6 Nxd6 23. Rxd6 Nd4 24. Bxd4 exd4 25. Rxc6 Qb8 26. exd4 Bg4 27. Bf3 Bf5 28. Qc4 Bh6 29. d5 Bxg5 30. hxg5 Qe5 31. Qf4 Qb2 32. Qd2 Qa3 33. d6 Rd8 34. Qc3 Rad7 35. Rd2 a4 36. b4 Qxc3 37. Rxc3 Rxd6 38. Rxd6 Rxd6 39. b5 Rd2 40. b6 Rxa2 41. b7 Rb2 42. Rc8+ Kg7 43. b8=Q Rxb8 44. Rxb8 Bc2 45. Ra8 f5 46. Ra7+ Kf8 47. Bc6 1-0


[Site "https://www.chess.com"]

[Event "Titled Tuesday Blitz July 11 Early 2023"]
[White "Erigaisi Arjun"]
[Black "Shimanov, Aleksandr"]
[WhiteFideId "35009192"]
[BlackFideId "4198603"]
[WhiteElo "3109"]
[BlackElo "2927"]
[Result "1/2-1/2"]
[Round "7"]
[TimeControl "180+2"]
[Date "2023.07.11"]
[WhiteClock "0:00:05"]
[BlackClock "0:00:06"]
[Board "4"]

1. c4 g6 2. g3 Bg7 3. Bg2 Nf6 4. Nc3 O-O 5. e4 d6 6. Nge2 c5 7. O-O Nc6 8. d3 Ne8 9. Be3 Nc7 10. d4 cxd4 11. Nxd4 Ne6 12. Nde2 Nc5 13. h3 Bd7 14. f4 Rc8 15. e5 Be6 16. b3 b6 17. exd6 exd6 18. Nd4 Nxd4 19. Bxd4 a6 20. g4 f5 21. Bxg7 Kxg7 22. g5 b5 23. Qd4+ Kg8 24. Rfe1 Ne4 25. Bxe4 fxe4 26. Nxe4 bxc4 27. Nf6+ Rxf6 28. gxf6 Bf7 29. Rac1 Qd7 30. Rc3 cxb3 31. axb3 Rf8 32. Qd3 d5 33. Re7 Qd6 34. Qd4 Qa3 35. Rxf7 Rxf7 36. Rc8+ Rf8 37. Qxd5+ Kh8 38. Rxf8+ Qxf8 39. Qe5 Kg8 40. Qe6+ Qf7 41. Qc8+ Qf8 42. Qc4+ Qf7 43. Qc8+ Qf8 44. Qc6 Kf7 45. Kg2 Qb4 46. Qxa6 Qxb3 47. Qd6 Qe6 48. Qc7+ Kxf6 49. Qxh7 Qe2+ 50. Kg3 Qe3+ 51. Kg4 Qe2+ 52. Kg3 Qe3+ 53. Kg2 Qe2+ 54. Kg3 1/2-1/2


[Site "https://www.chess.com"]

[Event "Titled Tuesday Blitz July 11 Early 2023"]
[White "Bluebaum, Matthias"]
[Black "Turski, Bartlomiej"]
[WhiteFideId "24651516"]
[BlackFideId "21810567"]
[WhiteElo "3049"]
[BlackElo "2884"]
[Result "0-1"]
[Round "7"]
[TimeControl "180+2"]
[Date "2023.07.11"]
[WhiteClock "0:00:08"]
[BlackClock "0:00:20"]
[Board "5"]

1. d4 Nf6 2. c4 g6 3. Nc3 Bg7 4. e4 d6 5. Nf3 O-O 6. Be2 e5 7. Be3 Nbd7 8. O-O Qe7 9. Qc2 c6 10. Rad1 exd4 11. Nxd4 Nc5 12. f3 Re8 13. Qc1 Bd7 14. Bh6 Rad8 15. Bxg7 Kxg7 16. Rfe1 Ne6 17. Nb3 Qf8 18. f4 c5 19. Bf3 Bc6 20. Nd5 Nd7 21. h4 h5 22. Qc3+ Kh7 23. Qc1 b6 24. g3 Qg7 25. Kh2 a5 26. Bg2 a4 27. Na1 Nd4 28. Nc2 Bxd5 29. Nxd4 cxd4 30. cxd5 Nc5 31. Qc4 f5 32. Qxd4 fxe4 33. Re3 b5 34. b4 Nd3 35. Qxg7+ Kxg7 36. Rxe4 Rxe4 37. Bxe4 Nxb4 38. a3 Na2 39. Bd3 b4 40. axb4 Nxb4 41. Bc4 a3 42. Ra1 Ra8 43. Kh3 a2 44. Bxa2 Rxa2 45. Rb1 Nd3 46. Rb7+ Kf6 47. Rd7 Kf5 48. Re7 Nf2+ 49. Kg2 Ng4+ 50. Kg1 Nf2 51. Kg2 Kg4 52. Re6 Nd3+ 53. Kf1 Kf3 54. Kg1 Ra1+ 55. Kh2 Nf2 56. Re3+ Kxe3 57. Kg2 Ng4 58. f5 gxf5 59. Kh3 f4 60. gxf4 Kxf4 61. Kg2 Ke5 62. Kg3 Kxd5 63. Kf4 Ke6 64. Kg5 d5 65. Kxh5 d4 66. Kg6 Nf6 67. h5 Nxh5 68. Kh6 Rg1 69. Kh7 d3 70. Kh6 d2 71. Kh7 Nf6+ 72. Kh8 Rg8# 0-1


[Site "https://www.chess.com"]

[Event "Titled Tuesday Blitz July 11 Early 2023"]
[White "Galchenko, Matvey"]
[Black "Nihal Sarin"]
[WhiteFideId "24175480"]
[BlackFideId "25092340"]
[WhiteElo "2872"]
[BlackElo "3036"]
[Result "0-1"]
[Round "7"]
[TimeControl "180+2"]
[Date "2023.07.11"]
[WhiteClock "0:00:17"]
[BlackClock "0:00:13"]
[Board "6"]

1. e4 e5 2. Nf3 Nc6 3. d4 exd4 4. Nxd4 Nf6 5. Nxc6 bxc6 6. e5 Qe7 7. Qe2 Nd5 8. h4 a5 9. c4 Ba6 10. b3 g6 11. Bg5 Qb4+ 12. Qd2 h6 13. cxd5 hxg5 14. Bxa6 Rxa6 15. Nc3 Qxc3 16. Qxc3 Bb4 17. Kd2 Rxh4 18. Rxh4 gxh4 19. dxc6 Rxc6 20. Qxb4 axb4 21. a4 bxa3 22. Rxa3 Rc5 23. f4 Rb5 24. Kd3 Rb4 25. Ke3 Ke7 26. Kf3 f5 27. exf6+ Kxf6 28. Ra6+ c6 29. Ra3 Kf5 30. g4+ hxg3 31. Kxg3 Rxf4 32. Ra5+ d5 33. Rc5 Rb4 34. Rxc6 Rxb3+ 35. Kf2 g5 36. Rd6 Ke4 37. Rg6 Rf3+ 38. Ke2 Rf5 39. Re6+ Re5 40. Rd6 d4 41. Kd2 g4 42. Rg6 Kf3 43. Rf6+ Kg2 44. Kd3 g3 45. Kxd4 Re8 46. Kd3 Kg1 47. Kd2 g2 48. Rf7 Rh8 0-1


[Site "https://www.chess.com"]

[Event "Titled Tuesday Blitz July 11 Early 2023"]
[White "Narayanan.S.L"]
[Black "Grandelius, Nils"]
[WhiteFideId "5058422"]
[BlackFideId "1710400"]
[WhiteElo "3033"]
[BlackElo "2870"]
[Result "1-0"]
[Round "7"]
[TimeControl "180+2"]
[Date "2023.07.11"]
[WhiteClock "0:00:08"]
[BlackClock "0:00:00"]
[Board "7"]

1. c4 e5 2. Nf3 e4 3. Nd4 Nc6 4. Nb3 a5 5. d4 exd3 6. Qxd3 Nf6 7. Nc3 a4 8. Nd4 a3 9. g3 axb2 10. Bxb2 Bc5 11. Nb3 Ne5 12. Qc2 d6 13. Bg2 O-O 14. Nxc5 dxc5 15. O-O Nxc4 16. Rad1 Qe7 17. Bc1 h6 18. Nd5 Nxd5 19. Rxd5 c6 20. Rh5 Be6 21. Bxh6 gxh6 22. Rxh6 f6 23. Qe4 Ne5 24. f4 Qg7 25. Rh4 Bd5 26. Qf5 Ng6 27. Rg4 Bf7 28. h4 Kh8 29. Qxc5 f5 30. Rg5 Qf6 31. h5 Ne7 32. Rd1 Rad8 33. Rb1 Rg8 34. Rxb7 Rxg5 35. fxg5 Qa1+ 36. Kh2 Nd5 37. Qxc6 1-0


[Site "https://www.chess.com"]

[Event "Titled Tuesday Blitz July 11 Early 2023"]
[White "Kollars, Dmitrij"]
[Black "Sattarov, Bobir"]
[WhiteFideId "12909572"]
[BlackFideId "14203081"]
[WhiteElo "3006"]
[BlackElo "2846"]
[Result "1-0"]
[Round "7"]
[TimeControl "180+2"]
[Date "2023.07.11"]
[WhiteClock "0:00:18"]
[BlackClock "0:00:00"]
[Board "8"]

1. e4 e5 2. Nf3 Nc6 3. Bb5 a6 4. Ba4 Bc5 5. c3 Qf6 6. O-O Nge7 7. d4 exd4 8. Bg5 Qg6 9. Bxe7 Bxe7 10. cxd4 O-O 11. Nc3 d6 12. Nd5 Bd8 13. Qd3 Ne7 14. Nf4 Qh6 15. g3 c6 16. Rfe1 Ng6 17. Nxg6 fxg6 18. h4 Kh8 19. Bb3 Bh3 20. Qe3 Be7 21. Ng5 Bxg5 22. Qxg5 Rae8 23. f4 Qxg5 24. hxg5 Bg4 25. Re3 d5 26. Rae1 dxe4 27. Rxe4 Rd8 28. Re7 Rxd4 29. Rxb7 Rd3 30. Kf2 Rf3+ 31. Kg2 Rd8 32. Bd1 Rd2+ 33. Re2 1-0


[Site "https://www.chess.com"]

[Event "Titled Tuesday Blitz July 11 Early 2023"]
[White "He, Anthony"]
[Black "Vakhlamov, Igor L."]
[WhiteFideId "2088215"]
[BlackFideId "24126748"]
[WhiteElo "2999"]
[BlackElo "2817"]
[Result "1-0"]
[Round "7"]
[TimeControl "180+2"]
[Date "2023.07.11"]
[WhiteClock "0:00:08"]
[BlackClock "0:00:00"]
[Board "9"]

1. e4 c5 2. Nf3 e6 3. d4 cxd4 4. Nxd4 Nf6 5. Nc3 Nc6 6. Ndb5 Bc5 7. Nd6+ Ke7 8. Nxc8+ Rxc8 9. Bd3 Qc7 10. O-O h5 11. Bg5 Kf8 12. g3 Ne5 13. Kg2 a6 14. Qe2 b5 15. Rad1 Qc6 16. f3 d6 17. h4 Nfd7 18. a4 b4 19. Nb1 Nxd3 20. cxd3 Bd4 21. Rc1 Qb7 22. Rxc8+ Qxc8 23. Rc1 Qb7 24. Rc4 e5 25. Be3 Bxe3 26. Qxe3 Ke7 27. Qg5+ Nf6 28. Nd2 Rc8 29. Qxg7 Rg8 30. Qh6 d5 31. exd5 Qxd5 32. Qe3 Rd8 33. Rc7+ Ke8 34. Nc4 Nd7 35. b3 Ke7 36. Qg5+ Ke8 37. Qf5 Qd4 38. Qe4 Qc3 39. Nd6+ 1-0


[Site "https://www.chess.com"]

[Event "Titled Tuesday Blitz July 11 Early 2023"]
[White "Bachmann, Axel"]
[Black "Deac, Bogdan-Daniel"]
[WhiteFideId "3700488"]
[BlackFideId "1226380"]
[WhiteElo "2804"]
[BlackElo "2989"]
[Result "0-1"]
[Round "7"]
[TimeControl "180+2"]
[Date "2023.07.11"]
[WhiteClock "0:00:00"]
[BlackClock "0:00:03"]
[Board "10"]

1. e4 c6 2. d4 d5 3. exd5 cxd5 4. Bd3 Nf6 5. h3 Nc6 6. Nf3 g6 7. c3 Bf5 8. O-O e6 9. Re1 Qc7 10. a4 h6 11. Na3 a6 12. Nc2 Be7 13. Ne5 Bd6 14. Bf4 Bxd3 15. Qxd3 g5 16. Nxc6 gxf4 17. Ne5 Rg8 18. Qf3 Ne4 19. Nb4 Bxe5 20. dxe5 Ng5 21. Qh5 Qc4 22. Rad1 f3 23. Rd4 Qb3 24. Rg4 fxg2 25. Kxg2 O-O-O 26. Re2 Kb8 27. Qxh6 Ne4 28. Qh7 Rxg4+ 29. hxg4 Qd1 30. Rxe4 dxe4 31. Qxe4 Rh8 32. Kg3 Rh1 33. Qd4 Qg1+ 34. Kf4 Qh2+ 35. Ke4 Qg2+ 36. Kd3 Qf3+ 37. Kc4 Qe2+ 38. Kc5 Rh8 39. Kb6 Ka8 40. f4 Rc8 41. f5 a5 42. Nd3 Qc2 43. Nc5 Qxb2+ 44. Kxa5 b6+ 45. Ka6 Qe2+ 46. c4 bxc5 47. Qc3 Qe4 48. Qb3 Qc6+ 49. Qb6 exf5 50. gxf5 Qxa4+ 0-1


[Site "https://www.chess.com"]

[Event "Titled Tuesday Blitz July 11 Early 2023"]
[White "Maximov, Dmitry"]
[Black "Svane, Rasmus"]
[WhiteFideId "14105659"]
[BlackFideId "4657101"]
[WhiteElo "2785"]
[BlackElo "2957"]
[Result "1-0"]
[Round "7"]
[TimeControl "180+2"]
[Date "2023.07.11"]
[WhiteClock "0:00:20"]
[BlackClock "0:00:14"]
[Board "11"]

1. e4 c6 2. Nf3 d5 3. Nc3 dxe4 4. Nxe4 Nf6 5. Qe2 Nxe4 6. Qxe4 Qa5 7. c3 Bf5 8. Qe3 e6 9. d4 Bd6 10. Be2 O-O 11. O-O Nd7 12. h3 Rfe8 13. Bc4 Qc7 14. Bd2 e5 15. Rfe1 Re7 16. Nh4 Bg6 17. Nxg6 hxg6 18. Qg5 Nf8 19. Re4 exd4 20. Rxd4 Be5 21. Rg4 Bf6 22. Qc5 b6 23. Qa3 b5 24. Bf1 Ne6 25. Be3 Rd7 26. Qb3 a5 27. a4 bxa4 28. Raxa4 Rad8 29. Ra1 Rb8 30. Qa2 Qb7 31. Bc4 Nf8 32. Bf4 Rbd8 33. Kh2 Qb6 34. Bg3 Rb7 35. Re1 Qxb2 36. Bxf7+ Kh7 37. Ree4 g5 38. Qc4 Qb5 39. Rh4+ gxh4 40. Rxh4+ Bxh4 41. Qxh4+ Qh5 42. Qxh5# 1-0


[Site "https://www.chess.com"]

[Event "Titled Tuesday Blitz July 11 Early 2023"]
[White "Schmakel, Sam"]
[Black "Makarian, Rudik"]
[WhiteFideId "2039311"]
[BlackFideId "44105681"]
[WhiteElo "2771"]
[BlackElo "2947"]
[Result "1/2-1/2"]
[Round "7"]
[TimeControl "180+2"]
[Date "2023.07.11"]
[WhiteClock "0:00:04"]
[BlackClock "0:00:04"]
[Board "12"]

1. e4 c5 2. Nf3 Nc6 3. c3 e6 4. d4 d5 5. e5 Bd7 6. Be2 f6 7. O-O fxe5 8. dxe5 Qc7 9. Re1 O-O-O 10. a4 Nxe5 11. Na3 Bd6 12. Nb5 Bxb5 13. axb5 Kb8 14. Qa4 b6 15. Nxe5 Bxe5 16. Bf3 Bxh2+ 17. Kf1 Bd6 18. Rxe6 Nf6 19. Rxd6 Rxd6 20. Bf4 Rhd8 21. c4 d4 22. b4 cxb4 23. Qxb4 a5 24. bxa6 Ka7 25. Rd1 Qc5 26. Bxd6 Rxd6 27. Qb3 Rd7 28. g3 h5 29. Kg2 g5 30. Qb5 Rc7 31. Qxc5 bxc5 32. Bb7 Nd7 33. Re1 Nb6 34. Re8 Nxc4 35. Ra8+ Kb6 36. Rg8 Na5 37. Rxg5 Nxb7 38. axb7 Rxb7 39. Rxh5 c4 40. Rd5 d3 41. Kf3 Kc6 42. Rd8 Re7 43. g4 Kc5 44. g5 Kb4 45. g6 Kc3 46. Kg4 d2 47. f4 Kc2 48. f5 c3 49. f6 Re1 50. f7 Rg1+ 51. Kh5 Rh1+ 52. Kg5 Rf1 53. g7 d1=Q 54. Rxd1 Kxd1 55. f8=Q Rxf8 56. gxf8=Q c2 57. Qd6+ Kc1 58. Qd4 Kb1 59. Qb4+ Ka2 60. Qc3 Kb1 61. Qb3+ Ka1 62. Qxc2 1/2-1/2


[Site "https://www.chess.com"]

[Event "Titled Tuesday Blitz July 11 Early 2023"]
[White "Pranav, V"]
[Black "Mahdavi, Reza"]
[WhiteFideId "25060783"]
[BlackFideId "12595926"]
[WhiteElo "2947"]
[BlackElo "2763"]
[Result "1-0"]
[Round "7"]
[TimeControl "180+2"]
[Date "2023.07.11"]
[WhiteClock "0:01:45"]
[BlackClock "0:02:19"]
[Board "13"]

1. e4 c5 2. Nf3 d6 3. c3 Nf6 4. Bd3 Nbd7 5. Bc2 e6 6. O-O a6 7. d4 Be7 8. Re1 O-O 9. h3 b5 10. Nbd2 Bb7 11. e5 dxe5 12. dxe5 Nd5 13. Ne4 Qc7 14. Neg5 h6 15. Qd3 g6 16. Nxe6 c4 17. Qe4 Qb6 18. Nxf8 Nb4 19. Nxd7 1-0


[Site "https://www.chess.com"]

[Event "Titled Tuesday Blitz July 11 Early 2023"]
[White "Kumsiashvili, Nikoloz"]
[Black "Tang, Andrew"]
[WhiteFideId "13600621"]
[BlackFideId "2059630"]
[WhiteElo "2733"]
[BlackElo "2916"]
[Result "0-1"]
[Round "7"]
[TimeControl "180+2"]
[Date "2023.07.11"]
[WhiteClock "0:00:23"]
[BlackClock "0:00:18"]
[Board "14"]

1. Nf3 d5 2. b3 c5 3. Bb2 Nc6 4. e3 Nf6 5. Bb5 Qb6 6. Bxc6+ Qxc6 7. O-O g6 8. d3 Bg7 9. Nbd2 O-O 10. c4 b5 11. cxd5 Qxd5 12. Nb1 Rd8 13. Nc3 Qc6 14. Qe2 Ba6 15. Rfd1 Rac8 16. Rac1 Qd6 17. Ne4 Nxe4 18. dxe4 b4 19. Rxd6 Bxe2 20. Rxd8+ Rxd8 21. Bxg7 Kxg7 22. h3 Bxf3 23. gxf3 Rd2 24. Rxc5 Rxa2 25. Rb5 a5 26. Rb7 Kf6 27. f4 Ra3 28. Rb5 Ke6 29. Kg2 Kd6 30. Rb7 Rxb3 31. e5+ Ke6 32. Rb6+ Kd7 33. Rb7+ Kd8 34. Rb8+ Kc7 35. Ra8 Ra3 36. Ra7+ Kd8 37. Ra8+ Kd7 38. Ra7+ Ke6 39. Ra6+ Kd5 40. Ra7 b3 41. Rxe7 Ra4 42. Rd7+ Ke6 43. Rd6+ Ke7 44. Rd1 b2 0-1


[Site "https://www.chess.com"]

[Event "Titled Tuesday Blitz July 11 Early 2023"]
[White "Gordievsky, Dmitry"]
[Black "De La Villa Garcia, Jesus Maria"]
[WhiteFideId "24112798"]
[BlackFideId "2200040"]
[WhiteElo "2907"]
[BlackElo "2721"]
[Result "1-0"]
[Round "7"]
[TimeControl "180+2"]
[Date "2023.07.11"]
[WhiteClock "0:00:29"]
[BlackClock "0:00:01"]
[Board "15"]

1. Nf3 d5 2. g3 Nc6 3. d4 Bf5 4. Bg2 Nb4 5. Na3 e6 6. c3 Nc6 7. Qa4 Nf6 8. Ne5 Be7 9. Nac4 O-O 10. Nxc6 bxc6 11. Ne5 c5 12. Nc6 Qe8 13. Nxe7+ Qxe7 14. Qa3 Nd7 15. Be3 c6 16. dxc5 e5 17. O-O Qe6 18. Qa6 Rfb8 19. b4 Rb5 20. Rfd1 e4 21. a3 Bg4 22. c4 dxc4 23. Rd6 Qe5 24. Bd4 Qe7 25. Qxc6 Rbb8 26. Qxe4 Be6 27. Rc1 h5 28. Rxc4 a6 29. Rc3 a5 30. b5 Rc8 31. Qxa8 Rxa8 32. Bxa8 Bh3 33. Bg2 Bxg2 34. Kxg2 Qe4+ 35. f3 Qxe2+ 36. Bf2 Ne5 37. Re3 Qb2 38. Rxe5 Qxe5 39. b6 Qb2 40. c6 Kh7 41. c7 Qc3 42. Rd8 h4 43. c8=Q h3+ 44. Qxh3+ Kg6 45. Qg4+ Kh7 46. Qh5# 1-0


[Site "https://www.chess.com"]

[Event "Titled Tuesday Blitz July 11 Early 2023"]
[White "Frolyanov, Dmitry"]
[Black "Antipov, Mikhail Al."]
[WhiteFideId "4151976"]
[BlackFideId "4107012"]
[WhiteElo "2590"]
[BlackElo "2903"]
[Result "1-0"]
[Round "7"]
[TimeControl "180+2"]
[Date "2023.07.11"]
[WhiteClock "0:00:45"]
[BlackClock "0:00:06"]
[Board "16"]

1. d4 Nf6 2. c4 e6 3. Nf3 d5 4. g3 Bb4+ 5. Nbd2 O-O 6. Bg2 dxc4 7. O-O Bxd2 8. Bxd2 Nc6 9. e3 Rb8 10. a4 a6 11. a5 b5 12. axb6 cxb6 13. Rc1 b5 14. b3 a5 15. bxc4 b4 16. d5 exd5 17. cxd5 Ne7 18. e4 Nxe4 19. Bf4 Rb5 20. d6 Ng6 21. Nd4 Nxf4 22. Bxe4 Re5 23. Nc6 Nh3+ 24. Kg2 Qf6 25. Nxe5 Qxe5 26. Re1 Qb5 27. Qd5 Qxd5 28. Bxd5 Ng5 29. Rxc8 Rxc8 30. d7 1-0


[Site "https://www.chess.com"]